Laval Squanderers vs Erie Otters
Created - Wednesday, June 7, 2023 at 07:04
Goals
|
| Laval Squanderers |
0 |
1 |
2 |
3 |
| Erie Otters |
2 |
3 |
2 |
7 |
|
Shots
|
| Laval Squanderers |
11 |
10 |
8 |
29 |
| Erie Otters |
16 |
12 |
6 |
34 |
|
1st period
1. Erie Otters , Alex Gallant 9 (Abbott Girduckis 3, Alex Petrovic 17) at 5:20
2. Erie Otters , Trent Frederic 40 (Alex Newhook 71, Michael Eyssimont 35) at 11:28
Penalties :
Kyle Burroughs (LSQ) for Holding (Minor) at 0:54, Alex Biega (ERO) for Hooking (Minor) at 14:27, Trent Frederic (ERO) for Roughing (Minor) at 18:47
2nd period
3. Erie Otters , Paul Cotter 26 (Unassisted) at 3:03
4. Laval Squanderers , Mike Hardman 13 (Brayden Tracey 10, Lukas Reichel 14) at 4:32
5. Erie Otters , Alex Newhook 34 (Trent Frederic 36, Aaron Ness 14) at 11:45 (PP)
6. Erie Otters , Paul Cotter 27 (Andy Andreoff 69, Michael Eyssimont 36) at 17:50
Penalties :
Trent Frederic (ERO) for Fighting (Major) at 5:37, Kyle Burroughs (LSQ) for Fighting (Major) at 5:37, Alec McCrea (ERO) for Fighting (Major) at 10:50, Mark Kastelic (LSQ) for Fighting (Major) at 10:50, Alex Biega (ERO) for Fighting (Major) at 10:57, Justin Barron (LSQ) for Fighting (Major) at 10:57, Lias Andersson (LSQ) for Roughing (Minor) at 11:32, Martin Kaut (LSQ) for Hooking (Minor) at 11:50
3rd period
7. Erie Otters , Alex Petrovic 4 (Unassisted) at 3:21
8. Laval Squanderers , Simon Holmstrom 14 (Lias Andersson 26) at 4:25
9. Erie Otters , Trent Frederic 41 (Alex Biega 27, Mitchell Chaffee 1) at 9:20
10. Laval Squanderers , Lukas Reichel 14 (Mark Kastelic 48) at 15:13 (SH)
Penalties :
Kevin Davis (ERO) for Fighting (Major) at 0:24, Graeme Clarke (LSQ) for Fighting (Major) at 0:24, Andy Andreoff (ERO) for Fighting (Major) at 5:01, Reese Johnson (LSQ) for Fighting (Major) at 5:01, Reese Johnson (LSQ) for instigated a fight (Minor) at 5:01, Reese Johnson (LSQ) for instigated a fight (10 Minutes Misconduct) at 5:01, Trent Frederic (ERO) for Fighting (Major) at 9:25, Simon Holmstrom (LSQ) for Fighting (Major) at 9:25, Brayden Tracey (LSQ) for Hooking (Minor) at 9:39, Alex-Olivier Voyer (ERO) for Fighting (Major) at 13:40, Mike Hardman (LSQ) for Fighting (Major) at 13:40, Andy Andreoff (ERO) for Fighting (Major) at 14:08, Graeme Clarke (LSQ) for Fighting (Major) at 14:08, Michael Eyssimont (ERO) for Fighting (Major) at 14:23, Lias Andersson (LSQ) for Fighting (Major) at 14:23, Oliver Wahlstrom (LSQ) for Tripping (Minor) at 14:59
Goalie Stats
Dylan Garand (LSQ), 27 saves from 34 shots - (0.794), L, 7-10-4, 60:00 minutes
Keith Kinkaid (ERO), 26 saves from 29 shots - (0.897), W, 16-14-8, 60:00 minutes
Players Stats for Laval Squanderers
Player Name G A P +/- PIM S H SB GA TA FO MP PP MP PK MP
------------------------------------------------------------------------------------
Alex Green 0 0 0 -1 0 0 0 0 0 1 0/0 19:55 2:12 4:45
Braden Schneider 0 0 0 -2 0 1 1 0 1 1 0/0 23:49 1:46 5:31
Brayden Tracey 0 1 1 -1 2 2 2 0 1 0 2/4 11:44 0:00 0:00
Danila Klimovich 0 0 0 0 0 1 0 0 0 0 1/2 7:15 0:00 0:33
Graeme Clarke 0 0 0 -1 10 1 0 0 0 0 1/2 9:17 0:00 0:01
Joey Keane 0 0 0 0 0 1 0 1 0 1 0/0 19:18 0:00 2:04
Justin Barron 0 0 0 -1 5 1 0 0 0 0 0/0 19:33 2:12 3:37
Kaedan Korczak 0 0 0 0 0 2 0 1 0 0 0/0 14:22 0:00 0:00
Kyle Burroughs 0 0 0 -2 7 1 2 1 0 0 0/0 22:58 1:46 4:19
Lias Andersson 0 1 1 -1 7 2 2 0 1 0 5/23 16:00 2:09 0:47
Lukas Reichel 1 1 2 -1 0 1 1 0 0 2 3/4 17:58 0:00 2:41
Mackenzie MacEachern 0 0 0 -1 0 2 2 1 0 0 1/2 17:43 1:49 4:44
Mark Kastelic 0 1 1 0 5 3 0 1 0 1 8/18 14:55 1:49 3:28
Martin Kaut 0 0 0 -1 2 6 1 0 1 0 4/5 23:19 2:09 3:45
Mike Hardman 1 0 1 0 5 1 4 1 0 0 0/0 8:04 0:00 0:17
Oliver Wahlstrom 0 0 0 -1 2 2 4 0 0 0 2/2 20:18 1:49 4:03
Reese Johnson 0 0 0 -2 17 1 0 0 0 1 1/1 9:27 0:00 0:00
Simon Holmstrom 1 0 1 -1 5 1 1 0 0 0 1/1 13:46 2:09 0:00
Players Stats for Erie Otters
Player Name G A P +/- PIM S H SB GA TA FO MP PP MP PK MP
------------------------------------------------------------------------------------
Aaron Luchuk 0 0 0 0 0 0 1 0 0 0 2/6 11:56 0:25 0:00
Aaron Ness 0 1 1 -2 0 0 2 0 0 1 0/0 19:21 4:43 2:10
Abbott Girduckis 0 1 1 0 0 1 0 0 0 1 1/2 7:56 0:00 0:00
Adam Brubacher 0 0 0 2 0 0 0 0 0 0 0/0 17:45 0:37 1:17
Alec McCrea 0 0 0 -2 5 0 1 1 0 0 0/0 17:38 3:33 2:10
Alex Biega 0 1 1 3 7 2 1 2 0 1 0/0 22:34 4:23 0:31
Alex Gallant 1 0 1 0 0 3 0 0 2 0 0/0 8:18 0:24 0:00
Alex Newhook 1 1 2 0 0 5 3 0 0 0 18/33 20:11 5:11 1:59
Alex Petrovic 1 1 2 3 0 2 4 0 0 0 0/0 26:47 5:45 1:48
Alex-Olivier Voyer 0 0 0 0 5 1 3 0 1 0 0/0 9:03 0:13 0:57
Andy Andreoff 0 1 1 2 10 2 0 2 1 1 7/14 16:47 2:50 1:59
Kevin Davis 0 0 0 1 5 0 0 1 0 0 0/0 16:05 1:15 0:00
Michael Eyssimont 0 2 2 3 5 3 4 0 0 0 1/2 16:35 4:05 0:00
Mitchell Chaffee 0 1 1 0 0 5 0 0 0 0 0/0 19:36 4:55 1:59
Paul Cotter 2 0 2 3 0 4 3 0 1 0 1/2 18:29 5:00 0:00
Sampo Ranta 0 0 0 0 0 2 0 0 2 0 3/3 18:09 2:06 0:00
Trent Frederic 2 1 3 0 12 3 1 0 0 0 1/1 14:17 3:30 1:02
Ty Ronning 0 0 0 0 0 1 1 0 0 0 1/1 14:22 1:45 0:00
3 Stars
1 - Paul Cotter (ERO)
2 - Alex Petrovic (ERO)
3 - Alex Newhook (ERO)
Power Play
Laval Squanderers - 0 on 4 Attempt(s) - 0.00%
Erie Otters - 1 on 4 Attempt(s) - 25.00%
Penalty Kill
Laval Squanderers - 3 on 4 Attempt(s) - 75.00%
- Score 1 goal in Penalty Kill
Erie Otters - 4 on 4 Attempt(s) - 100.00%
- Score 0 goal in Penalty Kill
Team Stat
Laval Squanderers - Hits : 20 - Faceoff Wins : 29 - Blocked Shots : 6 - Penalty Minutes : 67
Erie Otters - Hits : 24 - Faceoff Wins : 35 - Blocked Shots : 6 - Penalty Minutes : 49
Official
Referees : Tom Chmielewski and Chris Rooney
Linesman : Pierre Racicot and Thor Nelson
Game Notes
3:03 of 2nd period - Penalty Shot by Paul Cotter for Erie Otters - Goal!
Trent Frederic and Kyle Burroughs fight to a draw at 5:37 of 2nd period
Mark Kastelic beats up Alec McCrea at 10:50 of 2nd period
Alex Biega beats up Justin Barron at 10:57 of 2nd period
Kevin Davis and Graeme Clarke fight to a draw at 0:24 of 3rd period
3:21 of 3rd period - Penalty Shot by Alex Petrovic for Erie Otters - Goal!
Andy Andreoff and Reese Johnson fight to a draw at 5:01 of 3rd period
Trent Frederic and Simon Holmstrom fight to a draw at 9:25 of 3rd period
Alex-Olivier Voyer and Mike Hardman fight to a draw at 13:40 of 3rd period
Andy Andreoff and Graeme Clarke fight to a draw at 14:08 of 3rd period
Michael Eyssimont beats up Lias Andersson at 14:23 of 3rd period
Laval Squanderers
5 vs 5 Forward
Center Left Wing Right Wing Time % Phy DF OF
1 Mark Kastelic Mackenzie MacEachern Oliver Wahlstrom 30 1 2 2
2 Lias Andersson Simon Holmstrom Martin Kaut 30 1 2 2
3 Graeme Clarke Lukas Reichel Reese Johnson 25 1 2 2
4 Danila Klimovich Brayden Tracey Mike Hardman 15 1 2 2
5 vs 5 Defense
Defense Defense Time % Phy DF OF
1 Kyle Burroughs Braden Schneider 35 1 2 2
2 Justin Barron Alex Green 35 1 2 2
3 Kaedan Korczak Joey Keane 30 1 2 2
4 Kyle Burroughs Braden Schneider 0 1 2 2
PowerPlay Forward
Center Left Wing Right Wing Time % Phy DF OF
1 Mark Kastelic Mackenzie MacEachern Oliver Wahlstrom 50 1 2 2
2 Lias Andersson Simon Holmstrom Martin Kaut 50 1 2 2
PowerPlay Defense
Defense Defense Time % Phy DF OF
1 Kyle Burroughs Braden Schneider 50 1 2 2
2 Justin Barron Alex Green 50 1 2 2
Penalty Kill 4 Players Forward
Center Wing Time % Phy DF OF
1 Oliver Wahlstrom Mark Kastelic 50 1 2 2
2 Martin Kaut Mackenzie MacEachern 50 1 2 2
Penalty Kill 4 Players Defense
Defense Defense Time % Phy DF OF
1 Kyle Burroughs Braden Schneider 50 1 2 2
2 Justin Barron Alex Green 50 1 2 2
Penalty Kill - 3 Players Forward
Forward Time % Phy DF OF
1 Oliver Wahlstrom 50 1 2 2
2 Mark Kastelic 50 1 2 2
Penalty Kill - 3 Players Defense
Defense Defense Time % Phy DF OF
1 Kyle Burroughs Braden Schneider 50 1 2 2
2 Justin Barron Alex Green 50 1 2 2
4 vs 4 Forward
Center Wing Time % Phy DF OF
1 Oliver Wahlstrom Mark Kastelic 50 1 2 2
2 Martin Kaut Mackenzie MacEachern 50 1 2 2
4 vs 4 Defense
Defense Defense Time % Phy DF OF
1 Kyle Burroughs Braden Schneider 50 1 2 2
2 Justin Barron Alex Green 50 1 2 2
Last Minutes Offensive
Center Left Wing Right Wing Defense Defense
Mark Kastelic Mackenzie MacEachern Oliver Wahlstrom Kyle Burroughs Braden Schneider
Last Minutes Defensive
Center Left Wing Right Wing Defense Defense
Mark Kastelic Mackenzie MacEachern Oliver Wahlstrom Kyle Burroughs Braden Schneider
Goaltenders
Starting : Dylan Garand
Backup : Mads Sogaard
Extra Forwards
Normal : Brayden Tracey, Reese Johnson, Lukas Reichel - PP : Brayden Tracey, Reese Johnson - PK : Lukas Reichel
Extra Defensemen
Normal : Kaedan Korczak, Joey Keane, Justin Barron - PP : Kaedan Korczak - PK : Joey Keane, Justin Barron
Penalty Shots
Oliver Wahlstrom, Mark Kastelic, Martin Kaut, Mackenzie MacEachern, Reese Johnson
Erie Otters
5 vs 5 Forward
Center Left Wing Right Wing Time % Phy DF OF
1 Alex Newhook Trent Frederic Mitchell Chaffee 30 1 2 2
2 Andy Andreoff Michael Eyssimont Paul Cotter 30 1 2 2
3 Aaron Luchuk Sampo Ranta Ty Ronning 25 1 2 2
4 Abbott Girduckis Alex Gallant Alex-Olivier Voyer 15 1 2 2
5 vs 5 Defense
Defense Defense Time % Phy DF OF
1 Alex Biega Alex Petrovic 30 1 2 2
2 Aaron Ness Alec McCrea 30 1 2 2
3 Kevin Davis Adam Brubacher 25 1 2 2
4 Alex Biega Alex Petrovic 15 1 2 2
PowerPlay Forward
Center Left Wing Right Wing Time % Phy DF OF
1 Alex Newhook Trent Frederic Mitchell Chaffee 50 1 2 2
2 Andy Andreoff Michael Eyssimont Paul Cotter 50 1 2 2
PowerPlay Defense
Defense Defense Time % Phy DF OF
1 Alex Biega Alex Petrovic 50 1 2 2
2 Aaron Ness Alec McCrea 50 1 2 2
Penalty Kill 4 Players Forward
Center Wing Time % Phy DF OF
1 Alex Newhook Trent Frederic 50 1 2 2
2 Andy Andreoff Mitchell Chaffee 50 1 2 2
Penalty Kill 4 Players Defense
Defense Defense Time % Phy DF OF
1 Alex Biega Alex Petrovic 50 1 2 2
2 Aaron Ness Alec McCrea 50 1 2 2
Penalty Kill - 3 Players Forward
Forward Time % Phy DF OF
1 Alex Newhook 50 1 2 2
2 Trent Frederic 50 1 2 2
Penalty Kill - 3 Players Defense
Defense Defense Time % Phy DF OF
1 Alex Biega Alex Petrovic 50 1 2 2
2 Aaron Ness Alec McCrea 50 1 2 2
4 vs 4 Forward
Center Wing Time % Phy DF OF
1 Alex Newhook Trent Frederic 50 1 2 2
2 Andy Andreoff Mitchell Chaffee 50 1 2 2
4 vs 4 Defense
Defense Defense Time % Phy DF OF
1 Alex Biega Alex Petrovic 50 1 2 2
2 Aaron Ness Alec McCrea 50 1 2 2
Last Minutes Offensive
Center Left Wing Right Wing Defense Defense
Alex Newhook Trent Frederic Mitchell Chaffee Alex Biega Alex Petrovic
Last Minutes Defensive
Center Left Wing Right Wing Defense Defense
Alex Newhook Trent Frederic Mitchell Chaffee Alex Biega Alex Petrovic
Goaltenders
Starting : Keith Kinkaid
Backup : Adam Werner
Extra Forwards
Normal : Sampo Ranta, Ty Ronning, Alex-Olivier Voyer - PP : Sampo Ranta, Ty Ronning - PK : Alex-Olivier Voyer
Extra Defensemen
Normal : Kevin Davis, Adam Brubacher, Aaron Ness - PP : Kevin Davis - PK : Adam Brubacher, Aaron Ness
Penalty Shots
Alex Newhook, Trent Frederic, Andy Andreoff, Mitchell Chaffee, Michael Eyssimont
% Time on Ice - Laval Squanderers
Lines # - Real PCT - Wanted PCT - Time Play
Normal Forward
1 - 29% - 30% - 13:15
2 - 30% - 30% - 13:38
3 - 26% - 25% - 11:53
4 - 16% - 15% - 7:08
Normal Defense
1 - 34% - 35% - 15:47
2 - 36% - 35% - 16:26
3 - 29% - 30% - 13:19
4 - 1% - 0% - 0:22
PP Forward
1 - 46% - 50% - 1:49
2 - 54% - 50% - 2:09
PP Defense
1 - 45% - 50% - 1:46
2 - 55% - 50% - 2:12
PK Forward
1 - 53% - 50% - 5:24
2 - 47% - 50% - 4:44
PK Defense
1 - 49% - 50% - 4:57
2 - 51% - 50% - 5:11
PK3 Forward
1 - 0% - 50%
2 - 0% - 50%
PK3 Defense
1 - 0% - 50%
2 - 0% - 50%
44 Forward
1 - 0% - 50%
2 - 0% - 50%
44 Defense
1 - 0% - 50%
2 - 0% - 50%
Last Minute Offensive - 0:00
Last Minute Defensive - 0:00
Total
Forward - 60:00
Defense - 60:00
|
% Time on Ice - Erie Otters
Lines # - Real PCT - Wanted PCT - Time Play
Normal Forward
1 - 27% - 30% - 12:24
2 - 34% - 30% - 15:26
3 - 23% - 25% - 10:39
4 - 16% - 15% - 7:25
Normal Defense
1 - 29% - 30% - 13:17
2 - 34% - 30% - 15:45
3 - 26% - 25% - 12:02
4 - 11% - 15% - 4:50
PP Forward
1 - 44% - 50% - 4:30
2 - 56% - 50% - 5:38
PP Defense
1 - 47% - 50% - 4:48
2 - 53% - 50% - 5:20
PK Forward
1 - 50% - 50% - 1:59
2 - 50% - 50% - 1:59
PK Defense
1 - 45% - 50% - 1:48
2 - 55% - 50% - 2:10
PK3 Forward
1 - 0% - 50%
2 - 0% - 50%
PK3 Defense
1 - 0% - 50%
2 - 0% - 50%
44 Forward
1 - 0% - 50%
2 - 0% - 50%
44 Defense
1 - 0% - 50%
2 - 0% - 50%
Last Minute Offensive - 0:00
Last Minute Defensive - 0:00
Total
Forward - 60:00
Defense - 60:00
|
Play-by-Play
1st period
0:01 of 1st period - Alex Newhook wins face-off versus Mark Kastelic in neutral zone.
0:25 of 1st period - Simon Holmstrom is hit by Alex Petrovic and loses puck.
0:32 of 1st period - Snap shot by Michael Eyssimont.
0:32 of 1st period - Stopped by Dylan Garand with a rebound.
0:54 of 1st period - Minor Penalty to Kyle Burroughs for Holding.
0:55 of 1st period - Oliver Wahlstrom wins face-off versus Alex Newhook in Laval Squanderers zone.
2:02 of 1st period - Braden Schneider is hit by Michael Eyssimont and loses puck.
2:54 of 1st period - Penalty to Kyle Burroughs is over, Kyle Burroughs is back on ice.
3:04 of 1st period - Ty Ronning is hit by Mike Hardman and loses puck.
3:38 of 1st period - Kevin Davis is hit by Mike Hardman and loses puck.
4:19 of 1st period - Off-side.
4:20 of 1st period - Abbott Girduckis wins face-off versus Lias Andersson in neutral zone.
4:33 of 1st period - Alex Biega is hit by Martin Kaut and loses puck.
4:58 of 1st period - Wrist shot by Alex Gallant.
4:58 of 1st period - Stopped by Dylan Garand with a rebound.
5:14 of 1st period - Wrist shot by Alex Biega.
5:14 of 1st period - Deflect By Braden Schneider.
5:14 of 1st period - Stopped by Dylan Garand with a rebound.
5:16 of 1st period - Wrist shot by Alex Gallant.
5:16 of 1st period - Stopped by Dylan Garand with a rebound.
5:18 of 1st period - Slapshot by Alex Petrovic.
5:18 of 1st period - Deflect By Abbott Girduckis.
5:18 of 1st period - Stopped by Dylan Garand with a rebound.
5:20 of 1st period - Wrist shot by Alex Gallant.
5:20 of 1st period - Goal by Alex Gallant - Laval Squanderers : 0 - Erie Otters : 1.
5:21 of 1st period - Mark Kastelic wins face-off versus Paul Cotter in neutral zone.
6:10 of 1st period - Backhand shot by Mike Hardman.
6:10 of 1st period - Shot Misses the Net.
6:12 of 1st period - Slapshot by Braden Schneider.
6:12 of 1st period - Stopped by Keith Kinkaid with a rebound.
6:35 of 1st period - Icing by Aaron Ness.
6:36 of 1st period - Oliver Wahlstrom wins face-off versus Aaron Luchuk in Erie Otters zone.
6:41 of 1st period - Wrist shot by Mackenzie MacEachern.
6:41 of 1st period - Stopped by Keith Kinkaid with a rebound.
6:49 of 1st period - Mark Kastelic is hit by Aaron Luchuk and loses puck.
6:56 of 1st period - Slapshot by Ty Ronning.
6:56 of 1st period - Stopped by Dylan Garand with a rebound.
6:58 of 1st period - Slapshot by Alec McCrea.
6:58 of 1st period - Shot Misses the Net.
7:00 of 1st period - Snap shot by Ty Ronning.
7:00 of 1st period - Deflect By Sampo Ranta.
7:00 of 1st period - Shot Misses the Net.
7:00 of 1st period - Puck is out of play.
7:01 of 1st period - Paul Cotter wins face-off versus Lukas Reichel in Laval Squanderers zone.
7:04 of 1st period - Wrist shot by Michael Eyssimont.
7:04 of 1st period - Shot Misses the Net.
7:06 of 1st period - Slapshot by Alex Petrovic.
7:06 of 1st period - Stopped by Dylan Garand with a rebound.
8:31 of 1st period - Wrist shot by Mitchell Chaffee.
8:31 of 1st period - Stopped by Dylan Garand with a rebound.
8:33 of 1st period - Slapshot by Mitchell Chaffee.
8:33 of 1st period - Deflect By Trent Frederic.
8:33 of 1st period - Shot Blocked by Mike Hardman.
8:33 of 1st period - Puck is out of play.
8:34 of 1st period - Alex Newhook wins face-off versus Mark Kastelic in Laval Squanderers zone.
8:37 of 1st period - Wrist shot by Trent Frederic.
8:37 of 1st period - Shot Misses the Net.
8:45 of 1st period - Backhand shot by Alex Newhook.
8:45 of 1st period - Shot Blocked by Mackenzie MacEachern.
9:20 of 1st period - Paul Cotter is hit by Kyle Burroughs and loses puck.
9:25 of 1st period - Snap shot by Martin Kaut.
9:25 of 1st period - Stopped by Keith Kinkaid with a rebound.
9:29 of 1st period - Wrist shot by Martin Kaut.
9:29 of 1st period - Stopped by Keith Kinkaid without a rebound.
9:30 of 1st period - Mark Kastelic wins face-off versus Alex Newhook in Erie Otters zone.
9:49 of 1st period - Mark Kastelic is hit by Alex Biega and loses puck.
10:24 of 1st period - Wrist shot by Brayden Tracey.
10:24 of 1st period - Stopped by Keith Kinkaid with a rebound.
10:26 of 1st period - Wrist shot by Danila Klimovich.
10:26 of 1st period - Shot Blocked by Alex Biega.
10:28 of 1st period - Snap shot by Danila Klimovich.
10:28 of 1st period - Stopped by Keith Kinkaid with a rebound.
11:28 of 1st period - Wrist shot by Trent Frederic.
11:28 of 1st period - Goal by Trent Frederic - Laval Squanderers : 0 - Erie Otters : 2.
11:29 of 1st period - Mark Kastelic wins face-off versus Alex Newhook in neutral zone.
11:34 of 1st period - Wrist shot by Mitchell Chaffee.
11:34 of 1st period - Stopped by Dylan Garand with a rebound.
11:36 of 1st period - Wrist shot by Mitchell Chaffee.
11:36 of 1st period - Stopped by Dylan Garand with a rebound.
11:38 of 1st period - Snap shot by Trent Frederic.
11:38 of 1st period - Stopped by Dylan Garand with a rebound.
11:40 of 1st period - Backhand shot by Alex Newhook.
11:40 of 1st period - Stopped by Dylan Garand with a rebound.
11:44 of 1st period - Slapshot by Alex Newhook.
11:44 of 1st period - Stopped by Dylan Garand without a rebound.
11:45 of 1st period - Lias Andersson wins face-off versus Aaron Luchuk in Laval Squanderers zone.
11:56 of 1st period - Snap shot by Martin Kaut.
11:56 of 1st period - Stopped by Keith Kinkaid with a rebound.
13:23 of 1st period - Slapshot by Brayden Tracey.
13:23 of 1st period - Stopped by Keith Kinkaid without a rebound.
13:24 of 1st period - Alex Newhook wins face-off versus Mark Kastelic in Erie Otters zone.
13:51 of 1st period - Graeme Clarke is hit by Michael Eyssimont and loses puck.
14:12 of 1st period - Snap shot by Lias Andersson.
14:12 of 1st period - Stopped by Keith Kinkaid without a rebound.
14:13 of 1st period - Trent Frederic wins face-off versus Lias Andersson in Erie Otters zone.
14:22 of 1st period - Slapshot by Alex Newhook.
14:22 of 1st period - Stopped by Dylan Garand with a rebound.
14:27 of 1st period - Minor Penalty to Alex Biega for Hooking.
14:28 of 1st period - Mark Kastelic wins face-off versus Alex Newhook in Erie Otters zone.
14:44 of 1st period - Snap shot by Oliver Wahlstrom.
14:44 of 1st period - Shot Blocked by Andy Andreoff.
15:00 of 1st period - Slapshot by Martin Kaut.
15:00 of 1st period - Shot Misses the Net.
15:02 of 1st period - Wrist shot by Martin Kaut.
15:02 of 1st period - Stopped by Keith Kinkaid without a rebound.
15:03 of 1st period - Andy Andreoff wins face-off versus Mark Kastelic in Erie Otters zone.
15:28 of 1st period - Justin Barron is hit by Alec McCrea and loses puck.
16:27 of 1st period - Penalty to Alex Biega is over, Alex Biega is back on ice.
17:09 of 1st period - Snap shot by Alex Gallant.
17:09 of 1st period - Shot Misses the Net.
18:47 of 1st period - Minor Penalty to Trent Frederic for Roughing.
18:48 of 1st period - Andy Andreoff wins face-off versus Lias Andersson in Erie Otters zone.
19:22 of 1st period - Snap shot by Mark Kastelic.
19:22 of 1st period - Stopped by Keith Kinkaid without a rebound.
19:23 of 1st period - Andy Andreoff wins face-off versus Lias Andersson in Erie Otters zone.
Goals for this period are 0 for Laval Squanderers vs 2 for Erie Otters.
Shots for this period are 11 for Laval Squanderers vs 16 for Erie Otters.
2nd period
0:01 of 2nd period - Mark Kastelic wins face-off versus Andy Andreoff in neutral zone.
0:14 of 2nd period - Wrist shot by Oliver Wahlstrom.
0:14 of 2nd period - Deflect By Andy Andreoff.
0:14 of 2nd period - Stopped by Keith Kinkaid without a rebound.
0:15 of 2nd period - Alex Newhook wins face-off versus Lias Andersson in Erie Otters zone.
0:24 of 2nd period - Slapshot by Alex-Olivier Voyer.
0:24 of 2nd period - Stopped by Dylan Garand with a rebound.
0:47 of 2nd period - Penalty to Trent Frederic is over, Trent Frederic is back on ice.
1:21 of 2nd period - Alec McCrea is hit by Kyle Burroughs and loses puck.
1:30 of 2nd period - Snap shot by Brayden Tracey.
1:30 of 2nd period - Shot Hit the Post.
1:41 of 2nd period - Off-side.
1:42 of 2nd period - Alex Newhook wins face-off versus Lias Andersson in neutral zone.
1:45 of 2nd period - Alex Green is hit by Alex Newhook and loses puck.
2:18 of 2nd period - Wrist shot by Mackenzie MacEachern.
2:18 of 2nd period - Deflect By Oliver Wahlstrom.
2:18 of 2nd period - Shot Blocked by Alex Biega.
2:18 of 2nd period - Puck is out of play.
2:19 of 2nd period - Lukas Reichel wins face-off versus Aaron Luchuk in Erie Otters zone.
2:28 of 2nd period - Snap shot by Graeme Clarke.
2:28 of 2nd period - Stopped by Keith Kinkaid with a rebound.
2:46 of 2nd period - Adam Brubacher is hit by Oliver Wahlstrom and loses puck.
2:53 of 2nd period - Wrist shot by Mackenzie MacEachern.
2:53 of 2nd period - Stopped by Keith Kinkaid with a rebound.
2:55 of 2nd period - Slapshot by Mark Kastelic.
2:55 of 2nd period - Shot Misses the Net.
3:03 of 2nd period - Penalty Shot by Paul Cotter for Erie Otters.
3:03 of 2nd period - Deke by Paul Cotter.
3:03 of 2nd period - Goal by Paul Cotter - Laval Squanderers : 0 - Erie Otters : 3.
3:04 of 2nd period - Alex Newhook wins face-off versus Mark Kastelic in neutral zone.
3:05 of 2nd period - Alex Newhook wins face-off versus Mark Kastelic in Erie Otters zone.
3:05 of 2nd period - Alex Newhook is hit by Mackenzie MacEachern.
3:18 of 2nd period - Wrist shot by Mackenzie MacEachern.
3:18 of 2nd period - Shot Misses the Net.
3:20 of 2nd period - Snap shot by Justin Barron.
3:20 of 2nd period - Shot Misses the Net.
3:36 of 2nd period - Wrist shot by Reese Johnson.
3:36 of 2nd period - Shot Blocked by Andy Andreoff.
3:38 of 2nd period - Snap shot by Reese Johnson.
3:38 of 2nd period - Shot Misses the Net.
3:40 of 2nd period - Wrist shot by Kyle Burroughs.
3:40 of 2nd period - Stopped by Keith Kinkaid without a rebound.
3:41 of 2nd period - Alex Newhook wins face-off versus Lias Andersson in Erie Otters zone.
3:41 of 2nd period - Alex Newhook is hit by Simon Holmstrom.
4:07 of 2nd period - Oliver Wahlstrom is hit by Aaron Ness and loses puck.
4:32 of 2nd period - Wrist shot by Mike Hardman.
4:32 of 2nd period - Goal by Mike Hardman - Laval Squanderers : 1 - Erie Otters : 3.
4:33 of 2nd period - Alex Newhook wins face-off versus Lias Andersson in neutral zone.
4:38 of 2nd period - Alex Green is hit by Trent Frederic and loses puck.
5:11 of 2nd period - Snap shot by Lias Andersson.
5:11 of 2nd period - Shot Misses the Net.
5:15 of 2nd period - Slapshot by Lias Andersson.
5:15 of 2nd period - Deflect By Martin Kaut.
5:15 of 2nd period - Stopped by Keith Kinkaid with a rebound.
5:22 of 2nd period - Slapshot by Justin Barron.
5:22 of 2nd period - Stopped by Keith Kinkaid with a rebound.
5:24 of 2nd period - Slapshot by Martin Kaut.
5:24 of 2nd period - Shot Misses the Net.
5:26 of 2nd period - Snap shot by Lias Andersson.
5:26 of 2nd period - Stopped by Keith Kinkaid without a rebound.
5:27 of 2nd period - Mark Kastelic wins face-off versus Alex Newhook in Erie Otters zone.
5:37 of 2nd period - Trent Frederic and Kyle Burroughs fight to a draw.
5:37 of 2nd period - Penalty to Trent Frederic for Fighting.
5:37 of 2nd period - Penalty to Kyle Burroughs for Fighting.
5:38 of 2nd period - Andy Andreoff wins face-off versus Mark Kastelic in neutral zone.
5:41 of 2nd period - Snap shot by Paul Cotter.
5:41 of 2nd period - Stopped by Dylan Garand without a rebound.
5:42 of 2nd period - Mark Kastelic wins face-off versus Andy Andreoff in Laval Squanderers zone.
5:42 of 2nd period - Mark Kastelic is hit by Paul Cotter.
5:51 of 2nd period - Off-side.
5:52 of 2nd period - Alex Newhook wins face-off versus Mark Kastelic in neutral zone.
5:59 of 2nd period - Snap shot by Mitchell Chaffee.
5:59 of 2nd period - Shot Misses the Net.
6:01 of 2nd period - Slapshot by Alex Petrovic.
6:01 of 2nd period - Shot Misses the Net.
6:03 of 2nd period - Wrist shot by Sampo Ranta.
6:03 of 2nd period - Shot Blocked by Mark Kastelic.
6:05 of 2nd period - Snap shot by Sampo Ranta.
6:05 of 2nd period - Deflect By Mitchell Chaffee.
6:05 of 2nd period - Stopped by Dylan Garand with a rebound.
6:07 of 2nd period - Snap shot by Sampo Ranta.
6:07 of 2nd period - Stopped by Dylan Garand with a rebound.
7:58 of 2nd period - Lias Andersson is hit by Ty Ronning and loses puck.
8:11 of 2nd period - Snap shot by Martin Kaut.
8:11 of 2nd period - Shot Misses the Net.
8:13 of 2nd period - Wrist shot by Oliver Wahlstrom.
8:13 of 2nd period - Shot Blocked by Alec McCrea.
8:15 of 2nd period - Snap shot by Mark Kastelic.
8:15 of 2nd period - Stopped by Keith Kinkaid without a rebound.
8:16 of 2nd period - Andy Andreoff wins face-off versus Mark Kastelic in Erie Otters zone.
8:16 of 2nd period - Andy Andreoff is hit by Mackenzie MacEachern.
8:22 of 2nd period - Oliver Wahlstrom is hit by Aaron Ness and loses puck.
9:07 of 2nd period - Alec McCrea is hit by Lukas Reichel and loses puck.
9:13 of 2nd period - Off-side.
9:14 of 2nd period - Andy Andreoff wins face-off versus Mark Kastelic in neutral zone.
9:17 of 2nd period - Alex Green is hit by Alex Petrovic and loses puck.
9:26 of 2nd period - Paul Cotter is hit by Oliver Wahlstrom and loses puck.
9:46 of 2nd period - Lias Andersson is hit by Alex-Olivier Voyer and loses puck.
9:53 of 2nd period - Snap shot by Alex-Olivier Voyer.
9:53 of 2nd period - Shot Blocked by Joey Keane.
10:05 of 2nd period - Adam Brubacher is hit by Braden Schneider and loses puck.
10:20 of 2nd period - Graeme Clarke is hit by Alex Newhook and loses puck.
10:37 of 2nd period - Snap shot by Alex Newhook.
10:37 of 2nd period - Stopped by Dylan Garand with a rebound.
10:49 of 2nd period - Backhand shot by Mitchell Chaffee.
10:49 of 2nd period - Deflect By Alex Newhook.
10:49 of 2nd period - Shot Misses the Net.
10:49 of 2nd period - Puck is out of play.
10:50 of 2nd period - Mark Kastelic wins face-off versus Andy Andreoff in Laval Squanderers zone.
10:50 of 2nd period - Mark Kastelic beats up Alec McCrea.
10:50 of 2nd period - Penalty to Alec McCrea for Fighting.
10:50 of 2nd period - Penalty to Mark Kastelic for Fighting.
10:51 of 2nd period - Brayden Tracey wins face-off versus Andy Andreoff in Laval Squanderers zone.
10:57 of 2nd period - Alex Biega beats up Justin Barron.
10:57 of 2nd period - Penalty to Alex Biega for Fighting.
10:57 of 2nd period - Penalty to Justin Barron for Fighting.
10:58 of 2nd period - Aaron Luchuk wins face-off versus Brayden Tracey in Laval Squanderers zone.
10:59 of 2nd period - Snap shot by Sampo Ranta.
10:59 of 2nd period - Shot Blocked by Kaedan Korczak.
11:32 of 2nd period - Minor Penalty to Lias Andersson for Roughing.
11:33 of 2nd period - Mackenzie MacEachern wins face-off versus Alex Newhook in Laval Squanderers zone.
11:45 of 2nd period - Wrist shot by Alex Newhook.
11:45 of 2nd period - Deflect By Oliver Wahlstrom.
11:45 of 2nd period - Goal by Alex Newhook - Laval Squanderers : 1 - Erie Otters : 4.
11:46 of 2nd period - Aaron Luchuk wins face-off versus Lias Andersson in neutral zone.
11:50 of 2nd period - Minor Penalty to Martin Kaut for Hooking.
11:51 of 2nd period - Michael Eyssimont wins face-off versus Mackenzie MacEachern in Laval Squanderers zone.
12:25 of 2nd period - Snap shot by Andy Andreoff.
12:25 of 2nd period - Stopped by Dylan Garand with a rebound.
13:27 of 2nd period - Icing by Trent Frederic.
13:28 of 2nd period - Alex Newhook wins face-off versus Lias Andersson in Erie Otters zone.
13:50 of 2nd period - Penalty to Martin Kaut is over, Martin Kaut is back on ice.
14:09 of 2nd period - Snap shot by Oliver Wahlstrom.
14:09 of 2nd period - Stopped by Keith Kinkaid with a rebound.
16:08 of 2nd period - Wrist shot by Sampo Ranta.
16:08 of 2nd period - Stopped by Dylan Garand with a rebound.
16:24 of 2nd period - Kevin Davis is hit by Oliver Wahlstrom and loses puck.
17:14 of 2nd period - Wrist shot by Oliver Wahlstrom.
17:14 of 2nd period - Shot Misses the Net.
17:36 of 2nd period - Snap shot by Sampo Ranta.
17:36 of 2nd period - Shot Misses the Net.
17:38 of 2nd period - Slapshot by Adam Brubacher.
17:38 of 2nd period - Deflect By Ty Ronning.
17:38 of 2nd period - Shot Misses the Net.
17:38 of 2nd period - Puck is out of play.
17:39 of 2nd period - Danila Klimovich wins face-off versus Andy Andreoff in Laval Squanderers zone.
17:44 of 2nd period - Slapshot by Michael Eyssimont.
17:44 of 2nd period - Stopped by Dylan Garand with a rebound.
17:46 of 2nd period - Snap shot by Andy Andreoff.
17:46 of 2nd period - Shot Misses the Net.
17:48 of 2nd period - Wrist shot by Paul Cotter.
17:48 of 2nd period - Stopped by Dylan Garand with a rebound.
17:50 of 2nd period - Snap shot by Paul Cotter.
17:50 of 2nd period - Goal by Paul Cotter - Laval Squanderers : 1 - Erie Otters : 5.
17:51 of 2nd period - Alex Newhook wins face-off versus Danila Klimovich in neutral zone.
18:06 of 2nd period - Snap shot by Mitchell Chaffee.
18:06 of 2nd period - Stopped by Dylan Garand with a rebound.
18:28 of 2nd period - Abbott Girduckis is hit by Lias Andersson and loses puck.
18:50 of 2nd period - Michael Eyssimont is hit by Mike Hardman and loses puck.
18:57 of 2nd period - Alex Biega is hit by Mike Hardman and loses puck.
Goals for this period are 1 for Laval Squanderers vs 3 for Erie Otters.
Shots for this period are 10 for Laval Squanderers vs 12 for Erie Otters.
3rd period
0:01 of 3rd period - Lias Andersson wins face-off versus Andy Andreoff in neutral zone.
0:07 of 3rd period - Snap shot by Martin Kaut.
0:07 of 3rd period - Stopped by Keith Kinkaid with a rebound.
0:24 of 3rd period - Kevin Davis and Graeme Clarke fight to a draw.
0:24 of 3rd period - Penalty to Kevin Davis for Fighting.
0:24 of 3rd period - Penalty to Graeme Clarke for Fighting.
0:25 of 3rd period - Lias Andersson wins face-off versus Alex Newhook in Laval Squanderers zone.
0:52 of 3rd period - Alex Biega is hit by Brayden Tracey and loses puck.
1:15 of 3rd period - Slapshot by Alex Petrovic.
1:15 of 3rd period - Stopped by Dylan Garand with a rebound.
1:24 of 3rd period - Off-side.
1:25 of 3rd period - Alex Newhook wins face-off versus Lias Andersson in neutral zone.
1:38 of 3rd period - Snap shot by Alex Newhook.
1:38 of 3rd period - Shot Misses the Net.
1:50 of 3rd period - Wrist shot by Alex-Olivier Voyer.
1:50 of 3rd period - Shot Misses the Net.
1:52 of 3rd period - Wrist shot by Alex-Olivier Voyer.
1:52 of 3rd period - Shot Misses the Net.
2:17 of 3rd period - Wrist shot by Reese Johnson.
2:17 of 3rd period - Stopped by Keith Kinkaid without a rebound.
2:18 of 3rd period - Brayden Tracey wins face-off versus Michael Eyssimont in Erie Otters zone.
2:37 of 3rd period - Joey Keane is hit by Alex Petrovic and loses puck.
2:44 of 3rd period - Lukas Reichel is hit by Michael Eyssimont and loses puck.
3:19 of 3rd period - Wrist shot by Lukas Reichel.
3:19 of 3rd period - Shot Misses the Net.
3:21 of 3rd period - Penalty Shot by Alex Petrovic for Erie Otters.
3:21 of 3rd period - Deke by Alex Petrovic.
3:21 of 3rd period - Goal by Alex Petrovic - Laval Squanderers : 1 - Erie Otters : 6.
3:22 of 3rd period - Alex Newhook wins face-off versus Lias Andersson in neutral zone.
3:23 of 3rd period - Alex Newhook wins face-off versus Lias Andersson in Erie Otters zone.
3:50 of 3rd period - Oliver Wahlstrom is hit by Alex-Olivier Voyer and loses puck.
4:15 of 3rd period - Icing by Alex Petrovic.
4:16 of 3rd period - Reese Johnson wins face-off versus Aaron Luchuk in Erie Otters zone.
4:19 of 3rd period - Wrist shot by Reese Johnson.
4:19 of 3rd period - Shot Misses the Net.
4:21 of 3rd period - Wrist shot by Joey Keane.
4:21 of 3rd period - Stopped by Keith Kinkaid without a rebound.
4:22 of 3rd period - Lias Andersson wins face-off versus Alex Newhook in Erie Otters zone.
4:25 of 3rd period - Slapshot by Simon Holmstrom.
4:25 of 3rd period - Goal by Simon Holmstrom - Laval Squanderers : 2 - Erie Otters : 6.
4:26 of 3rd period - Simon Holmstrom wins face-off versus Alex Newhook in neutral zone.
4:43 of 3rd period - Mitchell Chaffee is hit by Lias Andersson.
5:01 of 3rd period - Andy Andreoff and Reese Johnson fight to a draw.
5:01 of 3rd period - Penalty to Andy Andreoff for Fighting.
5:01 of 3rd period - Penalty to Reese Johnson for Fighting.
5:01 of 3rd period - Penalty to Reese Johnson for instigated a fight.
5:01 of 3rd period - Penalty to Reese Johnson for instigated a fight.
5:02 of 3rd period - Martin Kaut wins face-off versus Alex Newhook in Erie Otters zone.
5:24 of 3rd period - Penalty to Graeme Clarke is over, Graeme Clarke is back on ice.
5:43 of 3rd period - Martin Kaut is hit by Paul Cotter and loses puck.
7:01 of 3rd period - Penalty to Reese Johnson is over, Lukas Reichel is send on ice.
7:38 of 3rd period - Lukas Reichel is hit by Alex-Olivier Voyer and loses puck.
8:33 of 3rd period - Paul Cotter is hit by Oliver Wahlstrom and loses puck.
8:37 of 3rd period - Icing by Kevin Davis.
8:38 of 3rd period - Ty Ronning wins face-off versus Lias Andersson in Erie Otters zone.
8:43 of 3rd period - Lias Andersson is hit by Michael Eyssimont and loses puck.
9:16 of 3rd period - Snap shot by Mitchell Chaffee.
9:16 of 3rd period - Shot Blocked by Kyle Burroughs.
9:18 of 3rd period - Slapshot by Alex Biega.
9:18 of 3rd period - Stopped by Dylan Garand with a rebound.
9:20 of 3rd period - Slapshot by Trent Frederic.
9:20 of 3rd period - Goal by Trent Frederic - Laval Squanderers : 2 - Erie Otters : 7.
9:21 of 3rd period - Alex Newhook wins face-off versus Lias Andersson in neutral zone.
9:25 of 3rd period - Trent Frederic and Simon Holmstrom fight to a draw.
9:25 of 3rd period - Penalty to Trent Frederic for Fighting.
9:25 of 3rd period - Penalty to Simon Holmstrom for Fighting.
9:26 of 3rd period - Alex Newhook wins face-off versus Lias Andersson in Erie Otters zone.
9:26 of 3rd period - Alex Newhook is hit by Brayden Tracey.
9:39 of 3rd period - Minor Penalty to Brayden Tracey for Hooking.
9:40 of 3rd period - Martin Kaut wins face-off versus Alex Newhook in Laval Squanderers zone.
10:01 of 3rd period - Penalty to Reese Johnson is over, Lukas Reichel is send on ice.
10:44 of 3rd period - Mackenzie MacEachern is hit by Paul Cotter.
11:17 of 3rd period - Icing by Alex Petrovic.
11:18 of 3rd period - Martin Kaut wins face-off versus Andy Andreoff in Erie Otters zone.
11:39 of 3rd period - Penalty to Brayden Tracey is over, Brayden Tracey is back on ice.
11:48 of 3rd period - Off-side.
11:49 of 3rd period - Graeme Clarke wins face-off versus Abbott Girduckis in neutral zone.
12:00 of 3rd period - Wrist shot by Graeme Clarke.
12:00 of 3rd period - Shot Blocked by Kevin Davis.
12:02 of 3rd period - Snap shot by Kaedan Korczak.
12:02 of 3rd period - Stopped by Keith Kinkaid with a rebound.
12:04 of 3rd period - Slapshot by Brayden Tracey.
12:04 of 3rd period - Shot Misses the Net.
12:16 of 3rd period - Lias Andersson is hit by Alex Newhook and loses puck.
12:39 of 3rd period - Snap shot by Andy Andreoff.
12:39 of 3rd period - Stopped by Dylan Garand with a rebound.
12:41 of 3rd period - Wrist shot by Paul Cotter.
12:41 of 3rd period - Deflect By Andy Andreoff.
12:41 of 3rd period - Shot Misses the Net.
12:41 of 3rd period - Puck is out of play.
12:42 of 3rd period - Andy Andreoff wins face-off versus Graeme Clarke in Laval Squanderers zone.
12:57 of 3rd period - Snap shot by Andy Andreoff.
12:57 of 3rd period - Shot Misses the Net.
13:21 of 3rd period - Oliver Wahlstrom is hit by Alex Petrovic and loses puck.
13:40 of 3rd period - Alex-Olivier Voyer and Mike Hardman fight to a draw.
13:40 of 3rd period - Penalty to Alex-Olivier Voyer for Fighting.
13:40 of 3rd period - Penalty to Mike Hardman for Fighting.
13:41 of 3rd period - Lias Andersson wins face-off versus Alex Newhook in Erie Otters zone.
13:42 of 3rd period - Snap shot by Brayden Tracey.
13:42 of 3rd period - Shot Misses the Net.
13:44 of 3rd period - Wrist shot by Martin Kaut.
13:44 of 3rd period - Shot Misses the Net.
13:46 of 3rd period - Snap shot by Kaedan Korczak.
13:46 of 3rd period - Stopped by Keith Kinkaid with a rebound.
14:08 of 3rd period - Andy Andreoff and Graeme Clarke fight to a draw.
14:08 of 3rd period - Penalty to Andy Andreoff for Fighting.
14:08 of 3rd period - Penalty to Graeme Clarke for Fighting.
14:09 of 3rd period - Sampo Ranta wins face-off versus Lias Andersson in Laval Squanderers zone.
14:16 of 3rd period - Wrist shot by Sampo Ranta.
14:16 of 3rd period - Shot Misses the Net.
14:18 of 3rd period - Snap shot by Michael Eyssimont.
14:18 of 3rd period - Stopped by Dylan Garand with a rebound.
14:20 of 3rd period - Slapshot by Paul Cotter.
14:20 of 3rd period - Stopped by Dylan Garand without a rebound.
14:21 of 3rd period - Sampo Ranta wins face-off versus Lias Andersson in Laval Squanderers zone.
14:23 of 3rd period - Michael Eyssimont beats up Lias Andersson.
14:23 of 3rd period - Penalty to Michael Eyssimont for Fighting.
14:23 of 3rd period - Penalty to Lias Andersson for Fighting.
14:24 of 3rd period - Sampo Ranta wins face-off versus Brayden Tracey in Laval Squanderers zone.
14:59 of 3rd period - Minor Penalty to Oliver Wahlstrom for Tripping.
15:00 of 3rd period - Alex Newhook wins face-off versus Martin Kaut in Laval Squanderers zone.
15:07 of 3rd period - Icing by Aaron Ness.
15:08 of 3rd period - Lukas Reichel wins face-off versus Alex Newhook in Erie Otters zone.
15:09 of 3rd period - Wrist shot by Mark Kastelic.
15:09 of 3rd period - Stopped by Keith Kinkaid without a rebound.
15:10 of 3rd period - Lukas Reichel wins face-off versus Alex Newhook in Erie Otters zone.
15:13 of 3rd period - Wrist shot by Lukas Reichel.
15:13 of 3rd period - Goal by Lukas Reichel - Laval Squanderers : 3 - Erie Otters : 7.
15:14 of 3rd period - Martin Kaut wins face-off versus Alex Newhook in neutral zone.
16:59 of 3rd period - Penalty to Oliver Wahlstrom is over, Oliver Wahlstrom is back on ice.
Goals for this period are 2 for Laval Squanderers vs 2 for Erie Otters.
Shots for this period are 8 for Laval Squanderers vs 6 for Erie Otters.
Back to the Top